 Dungeon Crawl Stone Soup version 0.22.1-5-g62c59d9 (webtiles) character file.

88 Loza the Skirmisher (level 4, -2/37 HPs)
             Began as a Demonspawn Abyssal Knight on Jan 10, 2019.
             Was a Believer of Lugonu.
             Slain by an ice beast (5 damage)
             ... on level 3 of the Dungeon.
             The game lasted 00:06:41 (1390 turns).

Loza the Skirmisher (Demonspawn Abyssal Knight)     Turns: 1390, Time: 00:06:42

Health: -2/37      AC:  6    Str: 12    XL:     4   Next: 29%
Magic:  0/6        EV:  9    Int: 13    God:    Lugonu [**....]
Gold:   85         SH:  0    Dex: 14    Spells: 3/3 levels left

rFire    . . .     SeeInvis .   a - +1 falchion
rCold    . . .     Gourm    .   (no shield)
rNeg     . . .     Faith    .   d - +0 scale mail
rPois    .         Spirit   +   (no helmet)
rElec    .         Reflect  .   (no cloak)
rCorr    .         Harm     .   (no gloves)
MR       .....                  (no boots)
Stlth    +.........             (no amulet)
HPRegen  0.12/turn              (no ring)
MPRegen  0.20/turn              (no ring)

@: no status effects
A: nightstalker 1, magic shield, magic regeneration
a: Depart the Abyss, Bend Space, Renounce Religion


You were on level 3 of the Dungeon.
You worshipped Lugonu.
Lugonu was pleased with you.
You were very full.

You visited 1 branch of the dungeon, and saw 3 of its levels.
You visited the Abyss 1 time.

You collected 85 gold pieces.

Inventory:

Hand Weapons
 a - a +1 falchion (weapon)
Armour
 b - a +0 leather armour
 d - a +0 scale mail (worn)
 k - a +0 leather armour of cold resistance
Scrolls
 e - 2 scrolls of identify {unknown}
 f - a scroll of amnesia {unknown}
 g - 2 scrolls of enchant armour {unknown}
 h - a scroll of immolation {unknown}
 j - a scroll of noise {unknown}
Potions
 i - 2 potions of degeneration {unknown}
Comestibles
 c - 2 rations


   Skills:
 + Level 3.8 Fighting
 + Level 3.2 Long Blades
 + Level 2.0 Armour
 + Level 1.0 Dodging
 + Level 0.1 Stealth
 + Level 2.7 Invocations


You had 3 spell levels left.
You didn't know any spells.
Your spell library contained the following spells:

 Spells                   Type           Power        Failure   Level  Hunger
 Confusing Touch          Hex            #.....       85%         1    ##.....
 Confuse                  Hex            #.......     99%         3    ####...
 Gell's Gravitas          Tloc           #.........   99%         3    ####...
 Petrify                  Tmut/Erth      #.......     100%        4    #####..
 Metabolic Englaciation   Hex/Ice        #.........   100%        5    ######.
 Yara's Violent Unravell  Hex/Tmut       #.........   100%        5    ######.


Dungeon Overview and Level Annotations

Branches:
Dungeon (3/15)

Altars:
Vehumet
The Shining One


Innate Abilities, Weirdness & Mutations

You are slightly more attuned to the shadows.
When hurt, damage is shared between your health and your magic reserves.
You regenerate magic rapidly.


Message History

The ice beast barely misses you.
You riposte.
You hit the ice beast.
The ice beast is severely wounded.
You hit the ice beast.
The ice beast is severely wounded.
The ice beast closely misses you.
You riposte.
You closely miss the ice beast.
The ice beast is severely wounded.
You hit the ice beast but do no damage.
The ice beast is severely wounded.
The ice beast hits you.
* * * LOW HITPOINT WARNING * * *
The ice beast freezes you!
* * * LOW HITPOINT WARNING * * *
Things that are here:
a club; a robe; the human corpse of Jessica You slash the ice beast!
The ice beast is almost dead.
The ice beast hits you.
* * * LOW HITPOINT WARNING * * *
The ice beast freezes you!
You die...

#...............
#........).#...(
#.#.....<.##....
#.##............
#.##......#...#.
#.##>####.#...#
#.##.## #.#...#
#.#...###Y#...###
#.........@......
###...#.....#####
##.##.....#
#.##.......
#.##.....###
#.##.....#
#.######.# .# #


You could see an ice beast.

Vanquished Creatures
  Jessica (D:3)
  2 adders (D:2)
  An adder skeleton (D:3)
  2 dart slugs
  3 leopard geckos
  6 bats (D:1)
  5 goblins
  3 hobgoblins
  A quokka (D:3)
  10 frilled lizards (D:1)
  A kobold (D:2)
  3 rats
38 creatures vanquished.

Notes
Turn   | Place    | Note
-------+----------+-------------------------------------------
     0 | Abyss:1  | Loza the Demonspawn Abyssal Knight began the quest for the
                  | Orb.
     0 | Abyss:1  | Reached XP level 1. HP: 18/18 MP: 2/2
    12 | D:1      | Escaped the Abyss
    91 | D:1      | Gained mutation: When hurt, damage is shared between your
                  | health and your magic reserves. [demonic ancestry]
    91 | D:1      | Reached XP level 2. HP: 20/24 MP: 4/4
   149 | D:1      | Reached ** piety under Lugonu
   682 | D:2      | Gained mutation: You are slightly more attuned to the
                  | shadows. [demonic ancestry]
   682 | D:2      | Reached XP level 3. HP: 26/29 MP: 5/5
   757 | D:2      | Found a radiant altar of Vehumet.
  1167 | D:2      | Found a glowing golden altar of the Shining One.
  1304 | D:3      | Noticed Jessica
  1326 | D:3      | Killed Jessica
  1326 | D:3      | Reached skill level 1 in Dodging
  1326 | D:3      | Gained mutation: You regenerate magic rapidly. [demonic
                  | ancestry]
  1326 | D:3      | Reached XP level 4. HP: 10/37 MP: 3/6
  1362 | D:3      | Noticed an ice beast
  1390 | D:3      | Slain by an ice beast

Skill      XL: |  1  2  3 |
---------------+----------+-----
Long Blades    | 2 3 |  3.2
Armour         | 2 |  2.0
Dodging        | 1 |  1.0
Fighting       | |  3.8
Stealth        | |  0.1
Invocations    | |  2.7

Action                   |  1- 3 |  4- 6 || total
-------------------------+-------+-------++-------
Melee: Falchion          |   148 |     9 ||   157
  Eat: Ration            |     3 |       ||     3
Armor: Leather armour    |    20 |       ||    20
       Scale mail        |    32 |     2 ||    34
Dodge: Dodged            |   100 |     4 ||   104
       Rpst.: Falchion   |    27 |     3 ||    30
